[ AOE2 MATCH · #483364116 ]
UnrankedMalians vs Jurchens
[ REPLAY ANALYSIS · EXTRACTED FROM THE RECORDED GAME ]
Feudal
16:16
Castle
27:13
Imperial
39:22
| APM avg | 15.3 |
| APM peak | 45 |
| eAPM avg | 9.0 |
| Villagers / military | 71 / 124 |
Focus
⚔️ 26.9% · 🌾 73.1%
Spearman ×76 · Fishing Ship ×24 · Gbeto ×23 · Militia ×14 · Archer ×4 · Trebuchet (Packed) ×3
Feudal
—
Castle
—
Imperial
—
| APM avg | 9.7 |
| APM peak | 21 |
| eAPM avg | 7.2 |
| Villagers / military | 98 / 43 |
Focus
⚔️ 22.1% · 🌾 77.9%
Spearman ×17 · Fishing Ship ×9 · Fire Lancer ×8 · Militia ×7 · Steppe Lancer ×7 · Scout Cavalry ×4
Feudal
14:50
Castle
24:42
Imperial
41:05
| APM avg | 12.6 |
| APM peak | 27 |
| eAPM avg | 8.9 |
| Villagers / military | 74 / 166 |
Focus
⚔️ 35.5% · 🌾 64.5%
Spearman ×58 · Fishing Ship ×51 · Chu Ko Nu ×49 · Knight ×27 · Unknown (2626) ×15 · Battering Ram ×12
Feudal
13:26
Castle
23:01
Imperial
42:59
| APM avg | 16.6 |
| APM peak | 41 |
| eAPM avg | 12.4 |
| Villagers / military | 95 / 142 |
Focus
⚔️ 22.8% · 🌾 77.2%
Skirmisher ×60 · Coustillier ×47 · Fishing Ship ×39 · Knight ×15 · Unknown (2626) ×15 · Fire Galley ×10
Match map
Initial resources + every placement click. Lines = walls · curves = elevation contours. ◆ gold · ⬟ stone · ● berries · ✦ relic · ◌ wall gap
Your base· Open — 5t gap
Leo000BR's base· Open — unwalled flank
Lord Bendtner's base· Open — unwalled flank
jorge_luis_sh's base· Open — unwalled flank
Smoothed initial terrain · ◌ = detected wall gap · hover for details
Inputs per minute
— Subzero - - Leo000BR
Build order — Subzero
First 150 of 212 actions detected
| 0:56 | Build | Town Center |
| 3:07 | Create | Villager (Male) ×4 |
| 3:07 | Create | Villager (Male) ×4 |
| 3:15 | Build | House |
| 3:49 | Build | House |
| 4:21 | Build | House |
| 4:56 | Build | House |
| 5:18 | Create | Villager (Male) ×2 |
| 6:22 | Create | Villager (Male) ×2 |
| 6:53 | Build | Lumber Camp |
| 6:58 | Create | Villager (Male) |
| 6:59 | Create | Villager (Male) |
| 7:02 | Create | Villager (Male) |
| 7:36 | Create | Villager (Male) |
| 8:13 | Create | Villager (Male) |
| 8:13 | Create | Villager (Male) |
| 8:45 | Build | Dock |
| 9:14 | Create | Villager (Male) |
| 9:15 | Create | Villager (Male) |
| 9:23 | Create | Fishing Ship |
| 9:24 | Create | Fishing Ship |
| 9:49 | Build | House |
| 10:09 | Create | Villager (Male) |
| 10:09 | Create | Villager (Male) |
| 10:15 | Create | Fishing Ship |
| 10:16 | Create | Fishing Ship |
| 10:32 | Build | House |
| 10:41 | Create | Fishing Ship |
| 12:01 | Build | Dock |
| 12:06 | Create | Villager (Male) |
| 12:07 | Create | Villager (Male) |
| 12:12 | Create | Fishing Ship |
| 12:13 | Create | Fishing Ship |
| 13:01 | Create | Fishing Ship |
| 13:02 | Create | Fishing Ship |
| 13:26 | Create | Fishing Ship |
| 13:31 | Create | Fishing Ship |
| 14:06 | Research | Feudal Age |
| 14:17 | Create | Fishing Ship |
| 14:19 | Create | Fishing Ship |
| 14:41 | Create | Fishing Ship |
| 14:42 | Create | Fishing Ship |
| 15:02 | Build | Dock |
| 15:15 | Build | House |
| 15:17 | Build | House |
| 15:20 | Build | House |
| 15:56 | Create | Fishing Ship |
| 15:56 | Create | Fishing Ship |
| 16:16 | Age | Feudal Age |
| 17:09 | Build | Barracks |
| 17:39 | Build | Archery Range |
| 17:44 | Build | Barracks |
| 17:47 | Research | Man-at-Arms (upgrade) |
| 17:57 | Build | Watch Tower |
| 18:06 | Create | Archer |
| 18:44 | Create | Spearman |
| 18:44 | Create | Spearman |
| 19:52 | Build | Mill |
| 20:00 | Create | Skirmisher |
| 20:00 | Create | Skirmisher |
| 20:02 | Create | Spearman |
| 20:02 | Create | Spearman |
| 20:03 | Create | Spearman |
| 20:04 | Create | Spearman |
| 20:48 | Build | Lumber Camp |
| 22:27 | Build | Market |
| 23:18 | Create | Villager (Male) ×5 |
| 23:22 | Research | Double-Bit Axe |
| 23:39 | Build | Blacksmith |
| 23:55 | Research | Tech 906 |
| 24:22 | Research | Castle Age |
| 24:39 | Build | Mining Camp |
| 24:57 | Create | Militia ×5 |
| 24:57 | Create | Militia ×5 |
| 25:03 | Create | Archer |
| 25:03 | Create | Archer |
| 25:03 | Create | Archer |
| 25:33 | Create | Militia ×2 |
| 25:33 | Create | Militia ×2 |
| 26:32 | Research | Stone Mining |
| 27:13 | Age | Castle Age |
| 28:06 | Build | Mining Camp |
| 28:44 | Research | Gold Mining |
| 29:04 | Build | Town Center |
| 30:06 | Create | Villager (Male) ×5 |
| 30:16 | Build | House |
| 30:17 | Build | House |
| 30:56 | Create | Villager (Male) |
| 30:56 | Create | Villager (Male) |
| 31:19 | Build | House |
| 31:53 | Build | House |
| 31:54 | Build | House |
| 31:55 | Build | House |
| 31:56 | Build | House |
| 31:57 | Build | House |
| 32:09 | Create | Villager (Male) |
| 32:09 | Create | Villager (Male) |
| 32:38 | Build | Castle |
| 32:50 | Create | Villager (Male) ×5 |
| 33:55 | Build | Dock |
| 34:20 | Build | Mining Camp |
| 34:42 | Build | House |
| 34:43 | Build | House |
| 34:52 | Build | Mill |
| 35:35 | Build | Stable |
| 36:12 | Research | Imperial Age |
| 36:27 | Create | Villager (Male) |
| 36:35 | Create | Fishing Ship |
| 36:35 | Create | Fishing Ship |
| 36:46 | Create | Scout Cavalry |
| 36:48 | Create | Scout Cavalry |
| 37:06 | Build | Town Center |
| 37:18 | Create | Gbeto ×3 |
| 37:19 | Create | Gbeto ×3 |
| 37:41 | Create | Fishing Ship |
| 37:42 | Create | Fishing Ship |
| 38:12 | Create | Gbeto ×5 |
| 38:40 | Create | Villager (Male) ×3 |
| 38:58 | Build | Mill |
| 39:22 | Age | Imperial Age |
| 40:09 | Research | Wheelbarrow |
| 40:10 | Create | Villager (Male) |
| 40:10 | Create | Villager (Male) |
| 40:17 | Create | Gbeto ×5 |
| 40:17 | Create | Gbeto ×5 |
| 40:45 | Research | Gillnets |
| 40:46 | Create | Fishing Ship |
| 40:46 | Create | Fishing Ship |
| 40:46 | Create | Fishing Ship |
| 41:01 | Build | Barracks |
| 41:02 | Build | Barracks |
| 41:10 | Create | Villager (Male) ×5 |
| 41:19 | Create | Villager (Male) ×2 |
| 41:25 | Create | Villager (Male) |
| 41:44 | Research | Pikeman (upgrade) |
| 42:23 | Build | Barracks |
| 42:29 | Create | Villager (Male) |
| 42:30 | Create | Villager (Male) |
| 42:30 | Create | Villager (Male) |
| 42:36 | Create | Villager (Male) |
| 42:36 | Create | Villager (Male) |
| 42:41 | Create | Villager (Male) |
| 42:41 | Create | Villager (Male) |
| 42:52 | Build | Lumber Camp |
| 43:11 | Create | Spearman ×5 |
| 43:11 | Create | Spearman ×5 |
| 43:11 | Create | Spearman ×2 |
| 43:29 | Build | Castle |
| 43:50 | Research | Scale Mail Armor |
| 43:51 | Research | Forging |
Build order — Leo000BR
First 150 of 228 actions detected
| 0:38 | Build | Town Center |
| 1:15 | Build | House |
| 1:18 | Build | House |
| 1:20 | Build | House |
| 2:36 | Create | Villager (Male) ×4 |
| 2:36 | Create | Villager (Male) |
| 3:11 | Build | Lumber Camp |
| 4:02 | Create | Villager (Male) |
| 4:46 | Create | Villager (Male) |
| 5:16 | Create | Villager (Male) |
| 5:46 | Create | Villager (Male) |
| 6:14 | Research | Loom |
| 6:28 | Create | Villager (Male) |
| 6:57 | Create | Villager (Male) |
| 7:33 | Build | Dock |
| 7:35 | Create | Villager (Male) |
| 8:16 | Build | Palisade Wall |
| 8:19 | Create | Villager (Male) |
| 8:31 | Create | Villager (Male) |
| 8:33 | Create | Villager (Male) |
| 8:40 | Build | House |
| 8:48 | Build | Palisade Wall |
| 8:52 | Create | Fishing Ship |
| 8:52 | Create | Fishing Ship |
| 9:12 | Create | Villager (Male) |
| 9:26 | Create | Villager (Male) |
| 9:55 | Create | Fishing Ship |
| 10:10 | Create | Villager (Male) |
| 11:06 | Create | Villager (Male) |
| 11:07 | Create | Villager (Male) |
| 11:15 | Build | House |
| 11:42 | Build | House |
| 11:50 | Create | Villager (Male) |
| 12:28 | Create | Fishing Ship |
| 12:28 | Create | Fishing Ship |
| 12:46 | Research | Feudal Age |
| 12:53 | Build | Barracks |
| 13:26 | Create | Militia |
| 13:27 | Create | Militia |
| 13:27 | Create | Militia |
| 13:27 | Create | Militia |
| 13:54 | Create | Fishing Ship |
| 14:10 | Build | House |
| 14:14 | Build | House |
| 14:17 | Build | House |
| 14:20 | Build | House |
| 14:25 | Create | Villager (Male) |
| 14:25 | Create | Villager (Male) |
| 14:26 | Create | Villager (Male) |
| 15:26 | Build | Blacksmith |
| 15:50 | Research | Scale Mail Armor |
| 15:51 | Research | Forging |
| 15:54 | Create | Militia |
| 15:54 | Create | Militia |
| 15:55 | Create | Militia |
| 15:57 | Research | Arson |
| 16:40 | Research | Man-at-Arms (upgrade) |
| 16:49 | Create | Villager (Male) ×7 |
| 16:49 | Create | Villager (Male) |
| 17:29 | Create | Villager (Male) |
| 18:36 | Build | Stable |
| 19:16 | Research | Tech 906 |
| 19:22 | Create | Fishing Ship |
| 19:22 | Create | Fishing Ship |
| 19:23 | Create | Fishing Ship |
| 19:37 | Research | Bloodlines |
| 19:39 | Create | Scout Cavalry |
| 19:40 | Create | Scout Cavalry |
| 19:40 | Create | Scout Cavalry |
| 19:41 | Create | Scout Cavalry |
| 20:18 | Create | Villager (Male) |
| 20:18 | Create | Villager (Male) |
| 20:19 | Create | Villager (Male) |
| 21:44 | Create | Villager (Male) |
| 21:45 | Create | Villager (Male) |
| 22:28 | Research | Castle Age |
| 22:41 | Build | Mill |
| 23:09 | Build | Farm |
| 23:10 | Build | Farm |
| 23:10 | Build | Farm |
| 23:10 | Build | Farm |
| 23:11 | Build | Farm |
| 23:11 | Build | Farm |
| 23:11 | Build | Farm |
| 23:12 | Build | Farm |
| 23:12 | Build | Farm |
| 23:54 | Research | Scale Barding Armor |
| 24:19 | Build | Farm |
| 24:19 | Build | Farm |
| 24:20 | Build | Farm |
| 24:20 | Build | Farm |
| 24:20 | Build | Farm |
| 24:32 | Build | Palisade Wall |
| 24:36 | Build | Palisade Gate |
| 24:42 | Build | Palisade Wall |
| 25:38 | Research | Wheelbarrow |
| 25:44 | Build | Town Center |
| 26:25 | Build | Castle |
| 26:44 | Build | Castle |
| 26:58 | Research | Hand Cart |
| 27:21 | Build | Mining Camp |
| 27:48 | Create | Steppe Lancer |
| 27:49 | Create | Steppe Lancer |
| 27:49 | Create | Steppe Lancer |
| 27:49 | Create | Steppe Lancer |
| 27:49 | Create | Steppe Lancer |
| 28:07 | Build | Lumber Camp |
| 28:23 | Research | Husbandry |
| 28:34 | Research | Pikeman (upgrade) |
| 28:35 | Create | Spearman ×3 |
| 28:35 | Create | Spearman |
| 29:33 | Build | Town Center |
| 29:52 | Create | Steppe Lancer |
| 29:52 | Create | Steppe Lancer |
| 31:57 | Build | Town Center |
| 34:25 | Build | Barracks |
| 34:29 | Build | House |
| 34:44 | Create | Villager (Male) |
| 35:38 | Create | Spearman ×2 |
| 35:39 | Create | Spearman |
| 35:44 | Create | Villager (Male) |
| 36:17 | Build | House |
| 36:18 | Build | House |
| 36:20 | Build | House |
| 36:23 | Build | House |
| 36:24 | Build | House |
| 36:27 | Build | House |
| 36:38 | Create | Villager (Male) |
| 36:39 | Create | Villager (Male) |
| 36:50 | Create | Villager (Male) |
| 38:01 | Create | Villager (Male) |
| 38:01 | Create | Villager (Male) |
| 38:02 | Create | Villager (Male) |
| 39:10 | Create | Villager (Male) ×3 |
| 39:10 | Create | Villager (Male) |
| 39:47 | Build | Market |
| 40:25 | Build | Farm |
| 40:25 | Build | Farm |
| 40:26 | Build | Farm |
| 40:26 | Build | Farm |
| 40:26 | Build | Farm |
| 40:27 | Build | Farm |
| 40:27 | Build | Farm |
| 40:27 | Build | Farm |
| 40:27 | Build | Farm |
| 40:32 | Create | Villager (Male) ×2 |
| 40:32 | Create | Villager (Male) |
| 40:39 | Build | Mining Camp |
| 40:47 | Build | Farm |
| 41:15 | Create | Villager (Male) |
Build order — Lord Bendtner
First 150 of 210 actions detected
| 0:51 | Build | Town Center |
| 2:53 | Build | House |
| 2:55 | Build | House |
| 3:17 | Research | Loom |
| 3:42 | Create | Villager (Male) |
| 4:39 | Create | Villager (Male) |
| 4:49 | Create | Villager (Male) |
| 5:27 | Create | Villager (Male) |
| 5:40 | Create | Villager (Male) |
| 6:14 | Create | Villager (Male) |
| 6:43 | Create | Villager (Male) |
| 7:10 | Create | Villager (Male) |
| 7:17 | Build | Lumber Camp |
| 7:40 | Create | Villager (Male) |
| 7:41 | Create | Villager (Male) |
| 7:45 | Create | Villager (Male) |
| 7:53 | Create | Villager (Male) |
| 8:29 | Create | Villager (Male) |
| 8:29 | Create | Villager (Male) |
| 8:39 | Create | Villager (Male) |
| 9:23 | Create | Villager (Male) ×3 |
| 9:31 | Create | Villager (Male) |
| 10:01 | Create | Villager (Male) ×2 |
| 10:30 | Build | Dock |
| 10:39 | Build | House |
| 11:15 | Create | Fishing Ship ×2 |
| 11:39 | Build | House |
| 12:19 | Build | Dock |
| 12:40 | Research | Feudal Age |
| 12:56 | Create | Fishing Ship |
| 13:01 | Create | Fishing Ship |
| 13:13 | Build | House |
| 13:27 | Build | Lumber Camp |
| 13:50 | Create | Fishing Ship |
| 13:59 | Create | Fishing Ship |
| 14:06 | Build | House |
| 14:26 | Build | Mining Camp |
| 14:44 | Build | Palisade Wall |
| 14:48 | Build | Palisade Wall |
| 14:50 | Age | Feudal Age |
| 14:55 | Create | Villager (Male) ×5 |
| 15:00 | Research | Tech 906 |
| 15:03 | Create | Fishing Ship |
| 15:04 | Create | Fishing Ship |
| 15:07 | Research | Double-Bit Axe |
| 15:37 | Build | Dock |
| 15:41 | Build | House |
| 15:52 | Create | Fishing Ship ×2 |
| 16:24 | Create | Fishing Ship ×3 |
| 16:29 | Research | Wheelbarrow |
| 16:53 | Research | Gold Mining |
| 17:11 | Create | Fishing Ship |
| 17:15 | Create | Demolition Raft |
| 17:18 | Create | Fishing Ship |
| 17:21 | Create | Fishing Ship |
| 17:21 | Create | Fishing Ship |
| 17:30 | Build | House |
| 17:31 | Build | House |
| 17:32 | Build | House |
| 17:36 | Create | Villager (Male) |
| 17:44 | Build | Blacksmith |
| 18:13 | Build | Barracks |
| 18:18 | Create | Villager (Male) |
| 18:19 | Create | Villager (Male) |
| 18:37 | Create | Fishing Ship ×3 |
| 19:15 | Create | Villager (Male) ×4 |
| 19:29 | Create | Fishing Ship ×5 |
| 19:42 | Build | Stable |
| 20:13 | Build | Mining Camp |
| 20:39 | Build | House |
| 20:40 | Build | House |
| 21:27 | Build | Stable |
| 22:02 | Research | Castle Age |
| 22:18 | Build | House |
| 22:19 | Build | House |
| 22:20 | Build | House |
| 22:21 | Build | House |
| 22:38 | Build | Dock |
| 22:42 | Build | Dock |
| 22:49 | Research | Forging |
| 22:50 | Research | Scale Barding Armor |
| 22:59 | Research | Stone Mining |
| 23:16 | Create | Fire Galley ×5 |
| 23:22 | Build | House |
| 23:52 | Create | Fishing Ship |
| 24:04 | Research | Fletching |
| 24:28 | Build | Stable |
| 24:42 | Age | Castle Age |
| 24:47 | Build | Siege Workshop |
| 24:55 | Build | Siege Workshop |
| 25:00 | Create | Knight ×5 |
| 25:00 | Create | Knight ×5 |
| 25:00 | Create | Knight ×5 |
| 25:00 | Create | Knight |
| 25:08 | Build | House |
| 25:09 | Build | House |
| 25:10 | Build | House |
| 25:10 | Build | House |
| 25:14 | Create | Villager (Male) |
| 25:25 | Build | Town Center |
| 25:38 | Create | Knight ×3 |
| 26:10 | Create | Battering Ram |
| 26:10 | Create | Battering Ram |
| 26:25 | Research | Iron Casting |
| 26:31 | Build | Mining Camp |
| 26:37 | Create | Battering Ram |
| 26:47 | Create | Battering Ram |
| 26:47 | Create | Battering Ram |
| 27:24 | Build | Stable |
| 27:47 | Research | Gillnets |
| 27:52 | Research | Chain Barding Armor |
| 27:54 | Research | War Galley (upgrade) |
| 28:00 | Create | Battering Ram |
| 28:05 | Create | Knight ×4 |
| 28:44 | Create | Iron Pagoda |
| 29:40 | Create | Battering Ram ×3 |
| 30:30 | Create | Knight ×2 |
| 30:30 | Create | Knight ×2 |
| 30:48 | Create | Battering Ram |
| 30:53 | Build | House |
| 31:13 | Create | Fishing Ship ×5 |
| 31:17 | Create | Villager (Male) ×5 |
| 31:18 | Create | Villager (Male) ×5 |
| 32:12 | Build | Castle |
| 32:26 | Build | Castle |
| 33:48 | Build | House |
| 33:51 | Research | Hand Cart |
| 33:53 | Create | Villager (Male) ×5 |
| 34:11 | Build | Barracks |
| 34:12 | Build | Barracks |
| 34:13 | Build | Barracks |
| 34:14 | Build | Barracks |
| 34:16 | Build | Barracks |
| 34:17 | Build | Barracks |
| 34:21 | Research | Pikeman (upgrade) |
| 34:24 | Research | Scale Mail Armor |
| 35:01 | Build | Town Center |
| 35:04 | Create | Battering Ram |
| 35:07 | Create | Battering Ram |
| 35:25 | Build | Fish Trap |
| 35:32 | Build | University |
| 35:36 | Research | Gold Shaft Mining |
| 35:38 | Research | Bow Saw |
| 35:43 | Build | Lumber Camp |
| 35:55 | Research | Tech 905 |
| 36:06 | Create | Unit 2626 ×5 |
| 36:06 | Create | Unit 2626 ×5 |
| 36:37 | Create | Villager (Male) ×5 |
| 37:55 | Research | Imperial Age |
| 38:30 | Build | Mining Camp |
Build order — jorge_luis_sh
First 150 of 295 actions detected
| 0:31 | Build | Town Center |
| 1:23 | Build | Dock |
| 1:27 | Build | House |
| 1:29 | Build | House |
| 2:40 | Research | Loom |
| 2:40 | Research | Loom |
| 2:40 | Create | Villager (Male) |
| 2:41 | Create | Villager (Male) |
| 2:41 | Create | Villager (Male) |
| 2:41 | Create | Villager (Male) |
| 2:42 | Create | Villager (Male) |
| 4:26 | Create | Fishing Ship |
| 4:27 | Create | Fishing Ship |
| 4:38 | Create | Villager (Male) |
| 4:39 | Create | Villager (Male) |
| 5:29 | Create | Villager (Male) |
| 5:30 | Create | Villager (Male) |
| 5:53 | Create | Villager (Male) |
| 5:53 | Create | Villager (Male) |
| 6:12 | Create | Villager (Male) |
| 6:13 | Create | Villager (Male) |
| 6:19 | Create | Fishing Ship |
| 6:19 | Create | Fishing Ship |
| 7:06 | Create | Villager (Male) |
| 7:22 | Research | Wheelbarrow |
| 7:39 | Build | House |
| 7:42 | Create | Villager (Male) |
| 8:57 | Create | Villager (Male) |
| 8:57 | Create | Villager (Male) |
| 8:57 | Create | Villager (Male) |
| 8:58 | Create | Villager (Male) |
| 8:58 | Create | Villager (Male) |
| 8:58 | Create | Villager (Male) |
| 8:59 | Create | Villager (Male) |
| 9:00 | Create | Villager (Male) |
| 9:01 | Create | Villager (Male) |
| 10:37 | Build | Lumber Camp |
| 11:06 | Research | Feudal Age |
| 11:19 | Build | House |
| 11:28 | Build | House |
| 11:35 | Build | House |
| 11:39 | Build | House |
| 11:48 | Research | Double-Bit Axe |
| 11:59 | Build | House |
| 12:17 | Build | Mill |
| 12:23 | Create | Fishing Ship |
| 12:23 | Create | Fishing Ship |
| 12:43 | Research | Tech 906 |
| 13:02 | Build | Dock |
| 13:07 | Create | Villager (Male) |
| 13:07 | Create | Villager (Male) |
| 13:07 | Create | Villager (Male) |
| 13:26 | Age | Feudal Age |
| 13:34 | Create | Villager (Male) |
| 14:08 | Build | Dock |
| 14:13 | Create | Villager (Male) |
| 14:29 | Research | Gillnets |
| 14:31 | Create | Fishing Ship |
| 14:31 | Create | Fishing Ship |
| 14:40 | Create | Villager (Male) |
| 14:50 | Create | Fishing Ship |
| 14:50 | Create | Fishing Ship |
| 15:08 | Create | Villager (Male) |
| 15:14 | Build | House |
| 15:15 | Build | House |
| 15:16 | Build | House |
| 15:18 | Create | Villager (Male) |
| 15:23 | Create | Fishing Ship |
| 15:34 | Create | Villager (Male) |
| 15:40 | Create | Villager (Male) |
| 15:44 | Create | Fishing Ship |
| 15:47 | Create | Fishing Ship |
| 15:48 | Create | Fishing Ship |
| 16:02 | Create | Fishing Ship |
| 16:02 | Create | Fishing Ship |
| 16:20 | Create | Fishing Ship |
| 16:26 | Build | House |
| 16:27 | Create | Villager (Male) |
| 16:29 | Create | Villager (Male) |
| 17:06 | Research | Hand Cart |
| 17:20 | Create | Fishing Ship |
| 17:20 | Create | Fishing Ship |
| 17:36 | Create | Fishing Ship |
| 17:37 | Create | Fishing Ship |
| 17:40 | Build | House |
| 18:02 | Build | Blacksmith |
| 18:05 | Create | Villager (Male) |
| 18:19 | Create | Villager (Male) |
| 18:30 | Create | Fishing Ship |
| 18:32 | Create | Fishing Ship |
| 18:47 | Create | Fishing Ship |
| 18:50 | Create | Villager (Male) |
| 19:11 | Build | Market |
| 19:18 | Create | Villager (Male) |
| 19:36 | Create | Villager (Male) |
| 19:42 | Build | Barracks |
| 20:09 | Build | Lumber Camp |
| 20:21 | Research | Castle Age |
| 20:39 | Research | Bow Saw |
| 20:39 | Research | Bow Saw |
| 21:02 | Build | Mining Camp |
| 21:13 | Research | Forging |
| 21:14 | Research | Scale Mail Armor |
| 21:16 | Research | Scale Barding Armor |
| 21:18 | Create | Villager (Male) |
| 21:18 | Create | Villager (Male) |
| 21:34 | Build | Stable |
| 21:44 | Build | Stable |
| 21:52 | Research | Gold Mining |
| 22:09 | Research | Stone Mining |
| 22:33 | Research | Fletching |
| 22:45 | Research | Gold Shaft Mining |
| 22:59 | Research | Town Watch |
| 23:01 | Age | Castle Age |
| 23:06 | Research | Horse Collar |
| 23:26 | Build | Town Center |
| 23:41 | Build | Town Center |
| 23:49 | Create | Villager (Male) |
| 23:50 | Create | Villager (Male) |
| 24:00 | Research | Heavy Plow |
| 24:13 | Create | Galley ×5 |
| 24:26 | Create | Villager (Male) |
| 24:38 | Research | Two-Man Saw |
| 24:53 | Create | Knight |
| 25:12 | Research | Stone Shaft Mining |
| 25:14 | Create | Villager (Male) |
| 25:15 | Create | Villager (Male) |
| 25:22 | Create | Knight |
| 25:22 | Create | Knight |
| 25:48 | Create | Villager (Male) |
| 25:49 | Create | Villager (Male) |
| 25:51 | Create | Villager (Male) |
| 25:52 | Create | Villager (Male) |
| 26:12 | Create | Fishing Ship ×5 |
| 26:17 | Create | Fishing Ship ×5 |
| 26:26 | Create | Fishing Ship ×5 |
| 26:38 | Research | Bodkin Arrow |
| 26:43 | Research | War Galley (upgrade) |
| 26:46 | Create | Villager (Male) |
| 27:02 | Create | Villager (Male) |
| 27:02 | Create | Villager (Male) |
| 27:02 | Create | Villager (Male) |
| 27:04 | Create | Villager (Male) |
| 27:31 | Create | Villager (Male) |
| 28:15 | Build | Castle |
| 28:17 | Research | Iron Casting |
| 28:17 | Research | Iron Casting |
| 28:34 | Create | Villager (Male) |
| 28:34 | Create | Villager (Male) |
| 29:22 | Build | Castle |
Match timeline
| 1:23 | jorge_luis_sh · first_building Dock |
| 7:33 | Leo000BR · first_building Dock |
| 8:16 | Leo000BR · wall_segment Palisade Wall x3 |
| 8:45 | Subzero · first_building Dock |
| 8:48 | Leo000BR · wall_segment Palisade Wall x1 |
| 10:30 | Lord Bendtner · first_building Dock |
| 12:53 | Leo000BR · first_building Barracks |
| 13:26 | jorge_luis_sh · age_up feudal |
| 14:44 | Lord Bendtner · wall_segment Palisade Wall x11 |
| 14:48 | Lord Bendtner · wall_segment Palisade Wall x3 |
| 14:50 | Lord Bendtner · age_up feudal |
| 16:16 | Subzero · age_up feudal |
| 17:09 | Subzero · first_building Barracks |
| 17:39 | Subzero · first_building Archery Range |
| 18:13 | Lord Bendtner · first_building Barracks |
| 18:36 | Leo000BR · first_building Stable |
| 19:42 | Lord Bendtner · first_building Stable |
| 19:42 | jorge_luis_sh · first_building Barracks |
| 20:16 | jorge_luis_sh · first_market_sell 100 food |
| 21:34 | jorge_luis_sh · first_building Stable |
| 23:01 | jorge_luis_sh · age_up castle |
| 24:11 | Subzero · first_market_sell 500 food |
| 24:32 | Leo000BR · wall_segment Palisade Wall x3 |
| 24:42 | Leo000BR · wall_segment Palisade Wall x6 |
| 24:42 | Lord Bendtner · age_up castle |
| 24:47 | Lord Bendtner · first_building Siege Workshop |
| 26:25 | Leo000BR · first_building Castle |
| 27:13 | Subzero · age_up castle |
| 28:15 | jorge_luis_sh · first_building Castle |
| 28:54 | Subzero · first_market_buy 100 wood |
| 32:12 | Lord Bendtner · first_building Castle |
| 32:38 | Subzero · first_building Castle |
| 35:35 | Subzero · first_building Stable |
| 39:22 | Subzero · age_up imperial |
| 41:05 | Lord Bendtner · age_up imperial |
| 41:12 | jorge_luis_sh · tribute_sent a jugador 1 |
| 41:12 | jorge_luis_sh · tribute_sent a jugador 2 |
| 41:12 | jorge_luis_sh · tribute_sent a jugador 4 |
| 42:59 | jorge_luis_sh · age_up imperial |
| 47:24 | jorge_luis_sh · first_building Archery Range |
| 51:28 | Leo000BR · resign |
[ AI ANALYSIS · 1 CREDIT ]
What really happened in this match?
Wolo.gg analyzes every decision: build order, eco, micro, common mistakes by bracket. Personalized analysis on WhatsApp or Discord in 30 seconds.
Civ guide
Malians
Perfil
Subzero